 Dungeon Crawl Stone Soup version 0.29.1-12-g30fa7ad0bf (webtiles) character file.

Game seed: 10790833652291170625

9800 GeoRichter the Destroyer (level 11, -12/67 (74) HPs)
             Began as a Yellow Draconian Conjurer on Dec 26, 2022.
             Was a Priest of Vehumet.
             Mangled by a spectral orc knight
             ... wielding a +0 great mace
             ... summoned by Nergalle
              (25 damage)
             ... on level 1 of the Lair of Beasts.
             The game lasted 00:22:22 (11507 turns).

GeoRichter the Destroyer (DrCj)                    Turns: 11507, Time: 00:22:22

HP:   -12/67 (74)   AC:  9    Str: 16    XL:     11   Next: 27%
MP:   11/23         EV: 11    Int: 29    God:    Vehumet [***...]
Gold: 395           SH:  2    Dex:  9    Spells: 16/27 levels left

rFire   . . .      SeeInvis .   b - staff of conjuration {!a}
rCold   . . .      Faith    .   n - +0 buckler
rNeg    . . .      Spirit   .   (body armour unavailable)
rPois   .          Reflect  .   (helmet restricted)
rElec   +          Harm     .   v - +0 cloak
rCorr   +          Rampage  .   (no gloves)
Will    .....                   g - +0 pair of boots
Stlth   ++........              (no amulet)
HPRegen 0.21/turn               F - +6 ring of intelligence
MPRegen 0.18/turn               G - ring of Fragile Peace {rElec Str+6}

@: drained
A: spit acid, AC +7, unfitting armour, cold-blooded, acid resistance
a: Breathe Acid, Renounce Religion


You were on level 1 of the Lair of Beasts.
You worshipped Vehumet.
Vehumet was most pleased with you.
You visited 2 branches of the dungeon, and saw 9 of its levels.
You also visited: Ossuary.

You collected 499 gold pieces.
You spent 104 gold pieces at shops.

Inventory:

Hand Weapons
 a - a +7 vorpal spear
   (You took it off a gnoll sergeant on level 5 of the Dungeon)
 z - a +2 rapier of draining
   (You took it off a kobold on level 4 of the Dungeon)
Missiles
 A - a throwing net {!f}
Armour
 g - a +0 pair of boots (worn)
   (You found it on level 1 of the Dungeon)
 n - a +0 buckler (worn)
   (You found it on level 2 of the Dungeon)
 v - a +0 cloak (worn)
   (You found it on level 3 of the Dungeon)
Magical Staves
 b - a staff of conjuration (weapon) {!a}
   (You acquired it in an ossuary)
Jewellery
 F - a +6 ring of intelligence (left hand)
   (You found it on level 5 of the Dungeon)
 G - the ring of Fragile Peace (right hand) {rElec Str+6}
   (You acquired it in an ossuary)

   [ring of strength]

   Str:       It affects your strength (+6).
   rElec:     It insulates you from electricity.
Wands
 e - a wand of mindburst (3)
   (You took it off a hobgoblin on level 4 of the Dungeon)
 p - a wand of acid (4)
   (You took it off a kobold on level 4 of the Dungeon)
 t - a wand of flame (20)
   (You took it off Terence on level 3 of the Dungeon)
 y - a wand of polymorph (4)
   (You took it off a kobold on level 4 of the Dungeon)
 B - a wand of charming (6)
   (You took it off Pikel on level 4 of the Dungeon)
 D - a wand of digging (4)
   (You found it on level 5 of the Dungeon)
Scrolls
 f - 7 scrolls of teleportation {@r4}
 h - 2 scrolls of vulnerability {!r}
 l - 2 scrolls of enchant weapon
 o - 4 scrolls of magic mapping
 r - a scroll of brand weapon {unknown}
 u - 4 scrolls of fog
 w - 2 scrolls of immolation {unknown}
 x - 2 scrolls of poison {!r}
 C - a scroll of summoning {unknown}
 E - 2 scrolls of blinking
 M - a scroll of identify {@r1}
Potions
 c - 2 potions of brilliance {unknown}
 d - 5 potions of flight
 i - 2 potions of berserk rage {unknown}
 j - 3 potions of heal wounds {@q2}
 k - 3 potions of lignification {!q}
 m - 2 potions of haste {@q3}
 q - 2 potions of attraction {unknown}
 s - 3 potions of curing {@q1}
 H - 2 potions of might
 I - a potion of cancellation {unknown}
 J - a potion of magic
 K - a potion of ambrosia {unknown}
 L - a potion of mutation {unknown}


   Skills:
 - Level 1.7 Dodging
 - Level 1.7 Stealth
 + Level 8.5 Spellcasting
 * Level 13.3 Conjurations
 + Level 5.9 Hexes
 - Level 5.0 Translocations


You had 16 spell levels left.
You knew the following spells:

 Your Spells              Type           Power      Damage    Failure   Level
a - Magic Dart            Conj           100%       1d8       1%          1
b - Searing Ray           Conj           100%       2d8       1%          2
c - Iskenderun's Mystic   Conj/Tloc      78%        2d16      1%          4
d - Fulminant Prism       Conj/Hex       40%        3d20      1%          4

Your spell library contained the following spells:

 Spells                   Type           Power      Damage    Failure   Level
 Flame Wave               Conj/Fire      67%        2d15      1%          4
 Blink                    Tloc           82%        N/A       1%          2
 Conjure Flame            Conj/Fire      67%        6-21      1%          3
 Dazzling Flash           Conj/Hex       100%       N/A       1%          3
 Portal Projectile        Hex/Tloc       88%        N/A       1%          3
 Sticky Flame             Conj/Fire      67%        2d8       1%          4
 Lesser Beckoning         Tloc           41%        N/A       2%          3
 Ignite Poison            Fire/Tmut/Pois 12%        N/A       5%          3
 Leda's Liquefaction      Hex/Erth       14%        N/A       17%         4
 Call Canine Familiar     Summ           12%        N/A       19%         3
 Manifold Assault         Tloc           41%        N/A       21%         5


Dungeon Overview and Level Annotations

Branches:
Dungeon (8/15) Zot: 25913  Temple (0/1) D:7            Lair (1/5) D:8 Zot: 5746
Ossuary (visited)

Altars:
Elyvilon
Makhleb
Vehumet

Shops:
D:2 !

Annotations:
D:3 2 runed translucent doors, 112233's ghost, amateur OpEE; Crazy Yiuf
Lair:1 Nergalle


Innate Abilities, Weirdness & Mutations

You can spit globs of acid.
Your golden yellow scales are hard. (AC +7)
You cannot fit into any form of body armour.
You are cold-blooded and may be slowed by cold attacks.
You are resistant to acid. (rCorr)


Message History

The death yak is knocked back by the mystic blast.
The mystic blast hits the spectral orc knight but does no damage.
The mystic blast hits the spectral orc warrior!!
The spectral orc warrior is knocked back by the mystic blast.
The mystic blast hits the spectral orc warrior!
The spectral orc warrior is knocked back by the mystic blast.
The mystic blast hits the death yak!
The death yak is knocked back by the mystic blast.
Your fulminant prism crackles loudly.
Nergalle hits your fulminant prism with a +4 dagger of protection!
The spectral orc knight barely misses you.
Magic courses through your body.
The spectral orc knight hits you with a +0 battleaxe!
You feel drained.
The blast of energy engulfs Nergalle!
The blast of energy engulfs the death yak!
You kill the death yak!
Vehumet accepts your kill.
The blast of energy engulfs the spectral orc warrior!!!
You destroy the spectral orc warrior!
The spectral orc warrior disappears in a puff of smoke!
Nergalle drinks a potion.
Nergalle is healed!
You hear an angry hiss.
Your life force feels restored.
You feel a surge of power!
You conjure a prism of explosive energy!
A fulminant prism comes into view.
A komodo dragon comes into view.
The spectral orc knight hits you with a +0 battleaxe!!
* * * LOW HITPOINT WARNING * * *
You feel drained.
* * * LOW HITPOINT WARNING * * *
You feel a surge of power!
You erupt in a blast of force!
The mystic blast hits the spectral orc warrior.
You destroy the spectral orc warrior!
The spectral orc warrior disappears in a puff of smoke!
The mystic blast hits the death yak.
The death yak is knocked back by the mystic blast.
The mystic blast hits the spectral orc knight!
The spectral orc knight is knocked back by the mystic blast.
The teleport trap disappears.
The spectral orc knight disappears!
Your fulminant prism crackles loudly.
You feel much better.
The blast of energy engulfs Nergalle!!
Nergalle points at you and mumbles some strange words.
The bolt of negative energy hits you!!
You feel drained.
* * * LOW HITPOINT WARNING * * *
Okay, then.
You feel a surge of power!
You conjure a prism of explosive energy!
A fulminant prism comes into view.
The spectral orc knight hits you with a +0 great mace!!
You die...

####.##..#
##†# #.# #†##
##..# ##+
#*†.# ..
#..###o##
..#####.###†#
..>.......Y@#
..........Z.#
............#
............#
........l...#
............#
..#P###.###.#
..#####.###.#
.........##.#


You could see a death yak, Nergalle (ally target), a komodo dragon, a spectral
orc knight (summoned) and a friendly fulminant prism.

Vanquished Creatures
  A two-headed ogre (D:8)
  5 death yaks (Lair:1)
  Pikel (D:4)
  A black mamba (Lair:1)
  A komodo dragon (D:6)
  Prince Ribbit (D:6)
  Eustachio (D:6)
  4 yaks (D:7)
  The ghost of Merkmiralles the Chopper, an amateur HuBe of Trog (D:4)
  A steam dragon (D:7)
  Edmund (D:6)
  3 wargs (D:8)
  3 water moccasins
  2 black bears
  2 orc warriors (D:7)
  An ice beast (D:7)
  2 centaurs
  4 lemures (D:4)
  2 phantoms (D:7)
  2 kobold brigands
  5 elf zombies (Ossuary)
  2 bullfrogs
  A necrophage (D:4)
  A gnoll sergeant (D:5)
  3 scorpions
  Blork the orc (D:5)
  3 wights (D:7)
  6 howler monkeys
  4 centaur zombies (Ossuary)
  A crimson imp (D:3)
  3 human zombies (Ossuary)
  5 hounds
  2 jellies
  2 gnoll boudas
  3 orc priests
  2 iguanas
  Terence (D:3)
  Ijyb (D:4)
  Natasha (twice) (D:3)
  4 orc wizards
  4 mummies
  6 adders
  17 gnolls
  A white imp (D:6)
  2 worms
  5 dart slugs
  21 orcs
  6 bats
  6 endoplasms
  2 giant cockroaches
  9 goblins
  7 hobgoblins
  2 jackals (D:2)
  4 quokkas
  9 ball pythons
  3 frilled lizards
  19 kobolds
  9 rats
  A bush (Lair:1)
224 creatures vanquished.

Vanquished Creatures (others)
  A kobold (D:4)
  24 fulminant prisms
  3 fungi (D:4)
  3 plants
  5 withered plants (D:2)
36 creatures vanquished.

Grand Total: 260 creatures vanquished

Notes
Turn   | Place    | Note
-------+----------+-------------------------------------------
     0 | D:1      | GeoRichter the Draconian Conjurer began the quest for the
                  | Orb.
     0 | D:1      | Reached XP level 1. HP: 14/14 MP: 3/3
   393 | D:1      | Reached XP level 2. HP: 20/20 MP: 1/5
   402 | D:1      | Learned a level 2 spell: Searing Ray
  1232 | D:2      | Reached XP level 3. HP: 26/26 MP: 2/6
  1320 | D:2      | Found a faded altar of an unknown god.
  1669 | D:2      | Reached skill level 5 in Conjurations
  2282 | D:2      | Found Janlaep's Distillery.
  2289 | D:2      | Bought a potion of heal wounds for 65 gold pieces
  2289 | D:2      | Bought a potion of curing for 39 gold pieces
  2465 | D:3      | Noticed Terence
  2656 | D:3      | Killed Terence
  2657 | D:3      | Reached XP level 4. HP: 12/33 MP: 1/8
  3107 | D:3      | Noticed Natasha
  3113 | D:3      | Killed Natasha
  3293 | D:3      | Reached XP level 5. HP: 38/38 MP: 5/9
  3436 | D:3      | Found a runed translucent door.
  3437 | D:3      | Noticed 112233's ghost (amateur OpEE)
  3689 | D:3      | Found a burning altar of Makhleb.
  3689 | D:3      | Found a radiant altar of Vehumet.
  3696 | D:3      | Reached skill level 6 in Conjurations
  3701 | D:3      | Became a worshipper of Vehumet
  3814 | D:3      | Noticed Natasha
  3817 | D:3      | Killed Natasha
  3847 | D:3      | Found a runed translucent door.
  3848 | D:3      | Noticed Crazy Yiuf
  4033 | D:4      | Learned a level 4 spell: Iskenderun's Mystic Blast
  4161 | D:4      | Reached XP level 6. HP: 44/45 MP: 2/11
  4173 | D:4      | Reached skill level 1 in Translocations
  4356 | D:4      | Found a runed translucent gate.
  4356 | D:4      | Found a runed translucent gate.
  4356 | D:4      | Found a runed translucent gate.
  4366 | D:4      | Noticed Merkmiralles's ghost (amateur HuBe)
  4635 | D:4      | Noticed Ijyb
  4647 | D:4      | Killed Ijyb
  4984 | D:4      | Noticed Pikel
  5016 | D:4      | Killed Pikel
  5017 | D:4      | Reached skill level 7 in Conjurations
  5017 | D:4      | Your scales start taking on a golden yellow colour.
  5017 | D:4      | Reached XP level 7. HP: 23/50 MP: 1/14
  5017 | D:4      | Gained mutation: You are resistant to acid. (rCorr) [Yellow
                  | Draconian growth]
  5407 | D:4      | Reached * piety under Vehumet
  5407 | D:4      | Offered knowledge of Foxfire by Vehumet.
  5412 | D:4      | Reached skill level 8 in Conjurations
  5412 | D:4      | Reached XP level 8. HP: 50/57 MP: 6/15
  5414 | D:4      | Killed Merkmiralles's ghost
  5552 | D:5      | Entered Level 5 of the Dungeon
  5630 | D:5      | Reached skill level 5 in Spellcasting
  6062 | D:5      | Noticed Blork the orc
  6069 | D:5      | Killed Blork the orc
  6732 | D:6      | Reached skill level 9 in Conjurations
  7333 | D:6      | Found a white marble altar of Elyvilon.
  7348 | D:6      | Noticed Eustachio
  7382 | D:6      | Killed Eustachio
  7383 | D:6      | Reached skill level 5 in Translocations
  7383 | D:6      | Reached XP level 9. HP: 51/62 MP: 3/17
  7525 | D:6      | Learned a level 4 spell: Fulminant Prism
  7554 | D:6      | Noticed Prince Ribbit
  7566 | D:6      | Killed Prince Ribbit
  7567 | D:6      | Reached skill level 1 in Hexes
  7655 | D:6      | Noticed a komodo dragon
  7663 | D:6      | Killed a komodo dragon
  7664 | D:6      | Reached skill level 10 in Conjurations
  7668 | D:6      | Noticed Edmund
  7925 | D:6      | Killed Edmund
  8142 | D:7      | Offered knowledge of Sandblast by Vehumet.
  8142 | D:7      | Reached ** piety under Vehumet
  8477 | D:7      | Reached skill level 11 in Conjurations
  8651 | D:7      | Found a staircase to the Ecumenical Temple.
  8871 | D:7      | Reached XP level 10. HP: 69/69 MP: 14/20
  9399 | D:7      | Offered knowledge of Poisonous Vapours by Vehumet.
  9806 | D:8      | Found a staircase to the Lair.
  9964 | D:8      | Reached *** piety under Vehumet
  9977 | D:8      | Found a sand-covered staircase.
  9983 | Ossuary  | Entered an ossuary
 10069 | Ossuary  | Identified 2 scrolls of acquirement
 10073 | Ossuary  | Acquired a staff of conjuration
 10074 | Ossuary  | Acquired the ring of Fragile Peace {rElec Str+6}
 10217 | Ossuary  | Reached skill level 12 in Conjurations
 10279 | Ossuary  | Offered knowledge of Flame Wave by Vehumet.
 10652 | D:8      | Noticed a two-headed ogre
 10659 | D:8      | Killed a two-headed ogre
 11254 | Lair:1   | Entered Level 1 of the Lair of Beasts
 11334 | Lair:1   | Reached skill level 5 in Hexes
 11471 | Lair:1   | Noticed a death yak
 11472 | Lair:1   | Noticed a death yak
 11475 | Lair:1   | Noticed a death yak
 11477 | Lair:1   | Noticed a death yak
 11477 | Lair:1   | Noticed a death yak
 11478 | Lair:1   | Noticed a death yak
 11478 | Lair:1   | Noticed a black mamba
 11485 | Lair:1   | Killed a black mamba
 11485 | Lair:1   | Noticed Nergalle
 11491 | Lair:1   | Killed a death yak
 11491 | Lair:1   | Killed a death yak
 11492 | Lair:1   | Reached XP level 11. HP: 61/74 MP: 23/23
 11494 | Lair:1   | Killed a death yak
 11495 | Lair:1   | Reached skill level 13 in Conjurations
 11497 | Lair:1   | Killed a death yak
 11503 | Lair:1   | Killed a death yak
 11507 | Lair:1   | Mangled by a spectral orc knight

Illustrated notes

Levels and vault maps discovered:
D:1:      erik_arrival_blinker_ship, layout_loops_ring
D:2:      layout_loops_ring, ebering_ecumenical_altar_petrified, serial_shops,
          shop, grunt_ministairs_3
D:3:      layout_basic, grunt_temple_overflow_lords_of_destruction,
          ebering_ghost_reflecting_pool, uniq_terence, uniq_crazy_yiuf_cottage,
          uniq_natasha
D:4:      layout_gridville, serial_rivers, chequers_serial_rivers_small_3,
          chequers_serial_rivers_marsh, chequers_serial_rivers_large_a,
          chequers_serial_rivers_marsh, chequers_serial_rivers_small_a,
          chequers_serial_rivers_micro_a, gammafunk_ghost_nasty_kobolds,
          uniq_pikel, uniq_ijyb
D:5:      layout_gridville, uniq_blork_the_orc
D:6:      layout_cave_pools, overflow_temple_1_default, uniq_eustachio,
          uniq_edmund, uniq_prince_ribbit1
D:7:      layout_basic, minmay_temple_entry_ruins
D:8:      layout_rooms, erik_lair_orcish_takeover, serial_co_window_serial,
          co_window_paths_a, co_window_of_opportunity_a, co_window_paths_b,
          co_window_of_opportunity_a, co_window_of_opportunity_a,
          co_window_broadway_a, co_window_corner_b, co_window_cross_2,
          co_window_broadway_a, glass_columns_b, glass_columns_c,
          glass_columns_a, glass_columns_a, glass_columns_a,
          gup_ossuary_entry_pyramid
Lair:1:   layout_regular_city, serial_forest, infiniplex_forest_corner_2,
          infiniplex_forest_lined_corner, infiniplex_forest_straight_4,
          infiniplex_forest_clump_tiny, infiniplex_forest_lined_room_2,
          infiniplex_forest_clump_medium, infiniplex_forest_zigzag_1,
          infiniplex_forest_lined_room_3, serial_bayou_shore_b, uniq_nergalle

Skill      XL: |  1  2  3  4  5  6  7  8  9 10 11 |
---------------+----------------------------------+-----
Conjurations   | 5 6 7 8 9 11 12 13 | 13.3
Spellcasting   | 3 4 5 7 8 |  8.5
Translocations | 3 5 |  5.0
Hexes          | 3 5 |  5.9
Dodging        | |  1.7
Stealth        | |  1.7

Action                   |  1- 3 |  4- 6 |  7- 9 | 10-12 || total
-------------------------+-------+-------+-------+-------++-------
Melee: Short sword       |    11 |    10 |       |       ||    21
       Whip              |       |       |     3 |       ||     3
       Tailslap          |       |       |     2 |     1 ||     3
       Spear             |       |       |    14 |     8 ||    22
       Rapier            |       |       |     4 |       ||     4
       Staff             |       |       |       |     1 ||     1
 Cast: Magic Dart        |    89 |    89 |   132 |    59 ||   369
       Searing Ray       |     2 |     5 |    29 |    21 ||    57
       Iskenderun's Myst |       |     1 |     3 |    16 ||    20
       Fulminant Prism   |       |       |     8 |    17 ||    25
 Abil: Breathe Acid      |       |       |     2 |     2 ||     4
Evoke: Wand              |       |     7 |       |       ||     7
  Use: Scroll            |     4 |     2 |     1 |     8 ||    15
       Potion            |     2 |     2 |       |     4 ||     8
Armor: Skin              |     3 |    11 |    46 |    36 ||    96
Dodge: Dodged            |    12 |    21 |    72 |    60 ||   165
Block: Buckler           |       |     3 |    12 |     7 ||    22
